[Event "Titled Tuesday Blitz January 03 Early 2023"]
[White "Perez Rodriguez, Jennifer"]
[Black "Goltseva, Ekaterina"]
[WhiteFideId "3507831"]
[BlackFideId "24173770"]
[WhiteElo "2242"]
[BlackElo "2283"]
[Result "1-0"]
[Round "05"]
[TimeControl "180+2"]
[Date "2023.01.03"]
[WhiteClock "0:01:18"]
[BlackClock "0:00:05"]

1. e4 e6 2. d4 d5 3. Bd3 c5 4. exd5 exd5 5. Nf3 Nf6 6. O-O Be7 7. dxc5 O-O 8. b4 a5 9. c3 b6 10. Bb2 bxc5 11. b5 Nbd7 12. Re1 Bd6 13. c4 d4 14. Nbd2 Bb7 15. a4 Re8 16. Rxe8+ Qxe8 17. Qe1 Nb6 18. Qxe8+ Rxe8 19. Nb3 Ra8 20. Bc1 Bxf3 21. gxf3 Nfd7 22. Bd2 Ne5 23. Be4 Ra7 24. Nxa5 Nbxc4 25. Nxc4 Nxc4 26. a5 Nxd2 27. b6 Ra6 28. Bb7 Nb3 29. Bxa6 Nxa1 30. Bc4 Nb3 31. a6 Na5 32. a7 Nxc4 33. a8=Q+ Bf8 34. b7 Nd2 35. b8=Q c4 36. Qxf8# 1-0


[Site "https://www.chess.com"]

[Event "Titled Tuesday Blitz January 03 Early 2023"]
[White "Zaksaite, Salomeja"]
[Black "Fiorito, Francisco"]
[WhiteFideId "12801496"]
[BlackFideId "180165"]
[WhiteElo "2283"]
[BlackElo "2305"]
[Result "0-1"]
[Round "05"]
[TimeControl "180+2"]
[Date "2023.01.03"]
[WhiteClock "0:00:01"]
[BlackClock "0:01:05"]

1. e4 c5 2. Nf3 Nc6 3. Bb5 g6 4. O-O Bg7 5. Re1 Nf6 6. e5 Nd5 7. Nc3 Nxc3 8. dxc3 O-O 9. Qd5 Qa5 10. a4 a6 11. Bc4 b5 12. axb5 Qxa1 13. bxc6 dxc6 14. Qxc5 Bg4 15. Ng5 e6 16. h3 Bf5 17. Bb3 h6 18. Nf3 g5 19. Bxg5 Qxe1+ 20. Nxe1 hxg5 21. Nf3 Rfd8 22. Nxg5 Rd7 23. g4 Bg6 24. Nxe6 Rd1+ 25. Kg2 fxe6 26. Bxe6+ Kh8 27. Qxc6 Rf8 28. Bd5 Bxc2 29. Bf3 Re1 30. e6 Bh7 31. Qd7 Bf6 32. c4 Bg8 33. Bd5 Bh4 34. c5 Rxf2# 0-1


[Site "https://www.chess.com"]

[Event "Titled Tuesday Blitz January 03 Early 2023"]
[White "Iskusnyh, Sergei"]
[Black "Ankerst, Mihael"]
[WhiteFideId "4120027"]
[BlackFideId "14602369"]
[WhiteElo "2440"]
[BlackElo "2370"]
[Result "1-0"]
[Round "05"]
[TimeControl "180+2"]
[Date "2023.01.03"]
[WhiteClock "0:00:16"]
[BlackClock "0:00:07"]

1. e4 c5 2. Nf3 Qb6 3. Nc3 Nc6 4. Bb5 e6 5. O-O Nge7 6. Re1 Ng6 7. Bxc6 bxc6 8. d3 Be7 9. Na4 Qa5 10. c4 e5 11. Bd2 Qc7 12. a3 a5 13. b4 axb4 14. axb4 cxb4 15. c5 O-O 16. Bxb4 Nf4 17. Nb6 Rb8 18. Bc3 Bxc5 19. Nxc8 Rfxc8 20. Bxe5 Bd6 21. Bc3 c5 22. g3 Ne6 23. Nh4 g6 24. Qd2 Nd4 25. Bxd4 cxd4 26. Rec1 Qb6 27. Nf3 Bb4 28. Qh6 Bf8 29. Qh4 Qb2 30. Rd1 Rc2 31. Rf1 Qc3 32. Rad1 Rbb2 33. Qf4 Bg7 34. Ng5 Qb3 35. Qd6 h6 36. Nh3 Rd2 37. Rxd2 Rxd2 38. Nf4 Qb5 39. Rc1 Be5 40. Rc8+ Kh7 41. Qf8 h5 42. Qxf7+ 1-0


[Site "https://www.chess.com"]

[Event "Titled Tuesday Blitz January 03 Early 2023"]
[White "Koridze, Lile"]
[Black "Gurevich, Dmitry"]
[WhiteFideId "13612514"]
[BlackFideId "2000407"]
[WhiteElo "2191"]
[BlackElo "2393"]
[Result "1/2-1/2"]
[Round "05"]
[TimeControl "180+2"]
[Date "2023.01.03"]
[WhiteClock "0:00:04"]
[BlackClock "0:00:01"]

1. d4 Nf6 2. c4 a6 3. Nf3 c5 4. e3 e6 5. Nc3 d5 6. dxc5 Bxc5 7. Be2 dxc4 8. Qxd8+ Kxd8 9. Bxc4 Ke7 10. O-O b5 11. Bb3 Bb7 12. Ne2 Nc6 13. Bd2 Rhd8 14. Bc3 b4 15. Bd4 Nxd4 16. Nexd4 Rac8 17. Rac1 g6 18. Rfd1 Bb6 19. Ne5 Bxd4 20. exd4 Rxd4 21. Rxc8 Rxd1+ 22. Bxd1 Bxc8 23. Nc6+ Kd6 24. Nxb4 a5 25. Nd3 e5 26. f3 Ba6 27. Nf2 Kc5 28. Bb3 Nd5 29. Ne4+ Kd4 30. Bxd5 Kxd5 31. Nf6+ Kd4 32. Nxh7 Bb7 33. Ng5 Bd5 34. Kf2 Kd3 35. Ne4 Bxa2 36. Nc3 Bb3 37. Ne4 Kc2 38. Nc5 Kxb2 39. h4 a4 40. Nxa4+ Bxa4 41. g4 Be8 42. Ke3 f6 43. Ke4 Kc3 44. f4 exf4 45. Kxf4 Kd3 46. h5 gxh5 47. gxh5 Bxh5 48. Kf5 Bg6+ 49. Kxf6 1/2-1/2


[Site "https://www.chess.com"]

[Event "Titled Tuesday Blitz January 03 Early 2023"]
[White "Sielecki, Christof"]
[Black "Tsotsonava, Elene"]
[WhiteFideId "4620437"]
[BlackFideId "13615939"]
[WhiteElo "2419"]
[BlackElo "2053"]
[Result "0-1"]
[Round "05"]
[TimeControl "180+2"]
[Date "2023.01.03"]
[WhiteClock "0:00:02"]
[BlackClock "0:00:07"]

1. e4 c5 2. Nf3 e6 3. c3 Nf6 4. e5 Nd5 5. g3 d6 6. exd6 Bxd6 7. Bg2 Nc6 8. O-O O-O 9. d4 b6 10. c4 Nde7 11. Nc3 Bb7 12. Nb5 Nxd4 13. Nfxd4 Bxg2 14. Nxe6 fxe6 15. Kxg2 Nf5 16. Qe2 Qf6 17. Nxd6 Nxd6 18. Bf4 Nf5 19. Be5 Qg6 20. Kh1 Rad8 21. Rad1 Qf7 22. b3 h6 23. Kg1 Kh7 24. Qe4 Qg6 25. Bf4 Nd4 26. Qxg6+ Kxg6 27. Kg2 Kf7 28. Be5 Nc6 29. Bc3 e5 30. f3 Nd4 31. f4 e4 32. Rde1 Rfe8 33. g4 e3 34. Bxd4 cxd4 35. Kf3 Re7 36. Re2 a6 37. Rd1 b5 38. c5 b4 39. Rc1 a5 40. Rd1 Rc7 41. Rxe3 Rxc5 42. Red3 Rc3 43. Ke4 Re8+ 44. Kxd4 Rc2 45. R1d2 Re2 46. Rxe2 Rxe2 47. h4 Rxa2 48. h5 Rf2 49. Ke4 Rb2 50. Kf5 Ra2 51. Rd7+ Kf8 52. Kg6 Rg2 53. g5 hxg5 54. fxg5 Rg3 55. Rf7+ Ke8 56. Rxg7 Rxb3 57. h6 Rh3 58. Rb7 Kd8 59. Kg7 Kc8 60. Rb5 Kc7 61. g6 b3 62. h7 a4 63. h8=Q Rxh8 64. Kxh8 Kc6 65. Rb4 Kc5 66. Rxa4 b2 67. Rg4 b1=Q 68. g7 Qh1+ 69. Kg8 Qd5+ 70. Kh7 Qh5+ 0-1


[Site "https://www.chess.com"]

[Event "Titled Tuesday Blitz January 03 Early 2023"]
[White "Barbot, Pierre"]
[Black "Aggelis, Nikolaos"]
[WhiteFideId "663727"]
[BlackFideId "4213220"]
[WhiteElo "2458"]
[BlackElo "2270"]
[Result "0-1"]
[Round "05"]
[TimeControl "180+2"]
[Date "2023.01.03"]
[WhiteClock "0:00:01"]
[BlackClock "0:01:30"]

1. e4 c6 2. d4 d5 3. Nc3 dxe4 4. Nxe4 Nf6 5. Nxf6+ exf6 6. c3 Bd6 7. Bd3 O-O 8. Qc2 Re8+ 9. Ne2 h5 10. O-O Qc7 11. f4 f5 12. Bd2 g6 13. Rae1 Nd7 14. c4 Nf6 15. Bc3 Ne4 16. Bxe4 fxe4 17. Ng3 f5 18. Ne2 Bd7 19. Kh1 Qd8 20. Qd2 Qh4 21. Qe3 Bf8 22. b4 Bg7 23. g3 Qe7 24. c5 Be6 25. a3 Bc4 26. Rf2 Qf7 27. Ng1 b6 28. Nh3 Bf6 29. Ng5 Bxg5 30. fxg5 Qd5 31. Qf4 Re7 32. Re3 bxc5 33. bxc5 Rb8 34. h3 Rb1+ 35. Kh2 Reb7 36. g4 hxg4 37. hxg4 Rh7+ 38. Kg2 Rhh1 39. Re1 Rbxe1 40. Qb8+ Kg7 0-1


[Site "https://www.chess.com"]

[Event "Titled Tuesday Blitz January 03 Early 2023"]
[White "Aghasiyev, Kamal"]
[Black "Makhmudov, Shukhrat"]
[WhiteFideId "13402854"]
[BlackFideId "14200775"]
[WhiteElo "2441"]
[BlackElo "2115"]
[Result "1-0"]
[Round "05"]
[TimeControl "180+2"]
[Date "2023.01.03"]
[WhiteClock "0:00:11"]
[BlackClock "0:00:07"]

1. d4 Nf6 2. c4 e6 3. Nf3 d5 4. g3 Bb4+ 5. Bd2 a5 6. a3 Be7 7. Bg2 c6 8. Qc2 b6 9. cxd5 cxd5 10. O-O O-O 11. Nc3 Ba6 12. Ne5 Nfd7 13. f4 Nxe5 14. fxe5 f6 15. Bh3 f5 16. Be3 Bg5 17. Qd2 Bxe3+ 18. Qxe3 Nc6 19. Rac1 Rc8 20. g4 g6 21. gxf5 gxf5 22. Kh1 Kh8 23. Qf4 Rg8 24. Rg1 Qd7 25. Rcf1 Qf7 26. Qh4 Rxg1+ 27. Rxg1 Rg8 28. Rxg8+ Kxg8 29. Qg5+ Qg6 30. Qf4 h6 31. Bg2 Qg5 32. Qxg5+ hxg5 33. e3 b5 34. Bf1 Na7 35. Kg1 Kf7 36. Kf2 Kg6 37. Kg3 Kh5 38. Be2+ Kg6 39. h4 gxh4+ 40. Kxh4 Kh6 41. b4 axb4 42. axb4 Nc6 43. Bxb5 Bxb5 44. Nxb5 Nxb4 45. Kg3 Kg7 46. Nd6 Nc2 47. Kf4 Ne1 48. Ne8+ Kf7 49. Nd6+ Ke7 50. Nb5 Ng2+ 51. Kf3 Ne1+ 52. Ke2 Ng2 53. Nc3 Nh4 54. Kf2 Ng6 55. Kg3 Kd7 56. Ne2 Kc6 57. Nf4 Nf8 58. Kh4 Kd7 59. Kg5 Ke7 60. Ng6+ Kf7 61. Nxf8 Kxf8 62. Kf6 Ke8 63. Kxe6 f4 64. exf4 1-0


[Site "https://www.chess.com"]

[Event "Titled Tuesday Blitz January 03 Early 2023"]
[White "Parpiev, Isaak"]
[Black "Bommini, Mounika Akshaya"]
[WhiteFideId "34281576"]
[BlackFideId "25019872"]
[WhiteElo "2167"]
[BlackElo "2118"]
[Result "1-0"]
[Round "05"]
[TimeControl "180+2"]
[Date "2023.01.03"]
[WhiteClock "0:02:15"]
[BlackClock "0:02:11"]

1. d4 Nf6 2. c4 c5 3. d5 e6 4. Nc3 exd5 5. cxd5 d6 6. e4 g6 7. Bb5+ Bd7 8. Bxd7+ Nbxd7 9. a4 Bg7 10. Nge2 Kf8 11. O-O Ke8 12. Bf4 Ne5 13. Bxe5 dxe5 14. f4 exf4 15. Nxf4 Ke7 16. e5 Nd7 17. e6 Ne5 18. Ne4 1-0


[Site "https://www.chess.com"]

[Event "Titled Tuesday Blitz January 03 Early 2023"]
[White "Ronka, Erik"]
[Black "Coelho, Ramyres Santana"]
[WhiteFideId "505080"]
[BlackFideId "2120690"]
[WhiteElo "2276"]
[BlackElo "1981"]
[Result "1-0"]
[Round "05"]
[TimeControl "180+2"]
[Date "2023.01.03"]
[WhiteClock "0:01:07"]
[BlackClock "0:00:02"]

1. d4 Nf6 2. c4 g6 3. Nc3 d5 4. Bf4 Bg7 5. e3 dxc4 6. Bxc4 a6 7. Nf3 b5 8. Bb3 Bb7 9. O-O O-O 10. Rc1 Nbd7 11. a4 b4 12. Na2 Rc8 13. Nxb4 c5 14. Nd3 cxd4 15. Rxc8 Qxc8 16. exd4 Nd5 17. Bg5 Re8 18. Qd2 N7f6 19. Nfe5 Qf5 20. Nc5 Ba8 21. Bc2 Qc8 22. Bd3 Ng4 23. Bxa6 Qf5 24. Bd3 Qc8 25. Nf3 Nb6 26. Be2 Qc7 27. Bf4 Qb7 28. Nxb7 1-0


[Site "https://www.chess.com"]

[Event "Titled Tuesday Blitz January 03 Early 2023"]
[White "Adury, Anant"]
[Black "Slade, Theodore"]
[WhiteFideId "30964687"]
[BlackFideId "426547"]
[WhiteElo "2123"]
[BlackElo "1995"]
[Result "0-1"]
[Round "05"]
[TimeControl "180+2"]
[Date "2023.01.03"]
[WhiteClock "0:00:02"]
[BlackClock "0:01:24"]

1. Nf3 d5 2. c4 e6 3. e3 Nf6 4. Nc3 b6 5. cxd5 exd5 6. d4 Bd6 7. b3 O-O 8. Bb2 Bb7 9. Bd3 Nbd7 10. O-O Re8 11. Ne2 Ne4 12. Ng3 Ndf6 13. Nf5 Bf8 14. Ne5 g6 15. Ng3 h5 16. Nxe4 Nxe4 17. f3 Nf6 18. f4 Ne4 19. Bxe4 dxe4 20. f5 Qg5 21. fxg6 fxg6 22. Qe2 Bh6 23. Qc4+ Kh7 24. Qxc7+ Re7 25. Rf7+ Rxf7 26. Qxf7+ Bg7 27. Qxb7 Qxe3+ 28. Kh1 Rf8 29. Qc6 Qe2 30. Qc1 Rf2 31. Bc3 Rxg2 0-1


[Site "https://www.chess.com"]

[Event "Titled Tuesday Blitz January 03 Early 2023"]
[White "Kvaloy, Aksel Bu"]
[Black "Torres Dominguez, David"]
[WhiteFideId "1528815"]
[BlackFideId "2220857"]
[WhiteElo "2321"]
[BlackElo "1994"]
[Result "0-1"]
[Round "05"]
[TimeControl "180+2"]
[Date "2023.01.03"]
[WhiteClock "0:00:01"]
[BlackClock "0:00:04"]

1. d4 e5 2. dxe5 d6 3. exd6 Bxd6 4. e4 Qe7 5. Nc3 Nc6 6. Be3 Nf6 7. f3 Be6 8. Bb5 O-O-O 9. Qe2 Ne5 10. O-O-O Bb4 11. Bd4 Rxd4 12. Rxd4 Bxc3 13. bxc3 Qa3+ 14. Kd2 a6 15. Bd3 c5 16. Rd6 c4 17. Rd4 cxd3 18. cxd3 Qxa2+ 19. Ke3 Qxe2+ 20. Nxe2 Ned7 21. f4 Nc5 22. f5 Bd7 23. Rc4 b6 24. Rb4 Ng4+ 25. Kd2 Nf2 26. Rhb1 Nfxd3 27. Rxb6 Kc7 28. Nd4 Re8 29. Nc2 Rxe4 30. Ne3 Bc6 31. c4 Nf4 32. g3 Rd4+ 33. Kc2 Be4+ 34. Kc1 Bxb1 35. Rxb1 Nfd3+ 36. Kc2 Re4 37. Nd5+ Kc6 38. Kc3 Ne5 39. Rb6+ Kd7 40. Kb4 Ncd3+ 41. Kc3 Rxc4+ 42. Kd2 Rc6 43. Rb7+ Kd6 44. Nf4 Nxf4 45. gxf4 Nc4+ 46. Ke2 Rc7 47. Rb1 Rc6 48. Kf3 Nb6 49. Rd1+ Nd5 50. Ke4 Rc5 51. Kd3 Kc6 52. Ra1 Nb4+ 53. Ke4 Kb5 54. Rb1 a5 55. f6 gxf6 56. Kd4 a4 57. Re1 a3 58. Re8 a2 59. Rb8+ Ka4 60. Ke3 Kb3 61. Ra8 Rc3+ 62. Kd4 Rc1 0-1


[Site "https://www.chess.com"]

[Event "Titled Tuesday Blitz January 03 Early 2023"]
[White "Patrascu, Catalin-Lucian"]
[Black "Corredor Castellanos, Camilo"]
[WhiteFideId "1229052"]
[BlackFideId "4425871"]
[WhiteElo "2279"]
[BlackElo "1957"]
[Result "1-0"]
[Round "05"]
[TimeControl "180+2"]
[Date "2023.01.03"]
[WhiteClock "0:00:05"]
[BlackClock "0:00:09"]

1. e4 c5 2. Nf3 d6 3. d4 cxd4 4. Nxd4 Nf6 5. Nc3 a6 6. Be2 b5 7. a3 Bb7 8. Bf3 Nbd7 9. Bg5 h6 10. Bxf6 gxf6 11. Bh5 Rg8 12. Nd5 Bxd5 13. exd5 Rg5 14. Ne6 Re5+ 15. Kf1 Qb6 16. f4 Re3 17. Qg4 Rc8 18. Qg8 Rxe6 19. dxe6 Rxc2 20. Qxf7+ Kd8 21. Qe8+ Kc7 22. Qxd7+ Kb8 23. Be2 Qe3 24. Re1 Qxf4+ 25. Bf3 Qc4+ 26. Re2 Rxe2 27. Bxe2 Qf4+ 28. Bf3 Qc1+ 29. Kf2 Qc5+ 30. Ke2 Qc2+ 31. Kf1 Qc1+ 32. Kf2 Qc5+ 33. Kg3 Qg5+ 34. Kh3 Qf5+ 35. Bg4 Qd3+ 36. Kh4 Bg7 37. Rc1 f5 38. Rc8# 1-0


[Site "https://www.chess.com"]

[Event "Titled Tuesday Blitz January 03 Early 2023"]
[White "Borrmann, Laurenz"]
[Black "Blokhin, Sofia"]
[WhiteFideId "312187930"]
[BlackFideId "4508190"]
[WhiteElo "2304"]
[BlackElo "2062"]
[Result "0-1"]
[Round "05"]
[TimeControl "180+2"]
[Date "2023.01.03"]
[WhiteClock "0:00:10"]
[BlackClock "0:00:11"]

1. Nf3 e6 2. g3 f5 3. Bg2 Nf6 4. O-O Be7 5. d4 O-O 6. c4 d5 7. Nc3 c6 8. Bf4 Ne4 9. Rc1 b6 10. Ne5 Bb7 11. cxd5 exd5 12. Qb3 g5 13. Nxe4 gxf4 14. Nd2 Bg5 15. e3 fxe3 16. fxe3 Qd6 17. Ndf3 Bf6 18. Qd3 Bg7 19. Bh3 Nd7 20. Nxd7 Qxd7 21. Nh4 Qe8 22. Bxf5 Qh5 23. Rc2 a5 24. Rcf2 Ba6 25. Be6+ Kh8 26. Rxf8+ Bxf8 27. Rxf8+ Rxf8 28. Qxa6 Qd1+ 29. Kg2 Qd2+ 30. Kh3 Qxe3 31. Bg4 Qxd4 32. Qe2 Qf6 33. Nf3 c5 34. Kg2 d4 35. Nd2 b5 36. Bf3 c4 37. Ne4 Qe5 38. Qd2 d3 39. Qh6 Qxb2+ 40. Kh3 Rxf3 41. Ng5 Qg7 42. Qxg7+ Kxg7 43. Nxf3 c3 0-1


[Site "https://www.chess.com"]

[Event "Titled Tuesday Blitz January 03 Early 2023"]
[White "Sailer, Mike"]
[Black "Cella, Glaucio Dalla Cortt"]
[WhiteFideId "2012901"]
[BlackFideId "2119455"]
[WhiteElo "2109"]
[BlackElo "1894"]
[Result "0-1"]
[Round "05"]
[TimeControl "180+2"]
[Date "2023.01.03"]
[WhiteClock "0:00:03"]
[BlackClock "0:00:12"]

1. d4 Nf6 2. Bf4 e6 3. e3 Bd6 4. Bxd6 cxd6 5. f4 e5 6. fxe5 dxe5 7. Nf3 e4 8. Nfd2 d5 9. Bb5+ Nc6 10. O-O Ng4 11. Qe1 Qg5 12. Rf4 O-O 13. h3 Nxd4 14. exd4 Qxf4 15. hxg4 Bxg4 16. Nc3 Rad8 17. Nf1 Be6 18. Qe3 Qd6 19. a3 f5 20. g3 h6 21. Ne2 a6 22. Ba4 g5 23. Bb3 f4 24. gxf4 gxf4 25. Qf2 Rd7 26. Kh1 Kh7 27. Nh2 f3 28. Ng3 Rg7 29. Ngf1 Rfg8 30. Ne3 Rg3 31. c4 Rh3 32. Nxd5 Rg2 0-1


[Site "https://www.chess.com"]

[Event "Titled Tuesday Blitz January 03 Early 2023"]
[White "Gutierrez Anaya, Yeison Joel"]
[Black "Batsiashvili, Nino"]
[WhiteFideId "3903273"]
[BlackFideId "13602993"]
[WhiteElo "2125"]
[BlackElo "2467"]
[Result "0-1"]
[Round "05"]
[TimeControl "180+2"]
[Date "2023.01.03"]
[WhiteClock "0:00:05"]
[BlackClock "0:01:28"]

1. d4 Nf6 2. Nf3 c5 3. e3 d5 4. b3 cxd4 5. exd4 Bf5 6. Bb2 Nc6 7. Be2 e6 8. O-O Be7 9. Ne5 O-O 10. Nd2 Nb4 11. c4 dxc4 12. bxc4 Nc2 13. Bf3 Nxa1 14. Qxa1 Qc7 15. h3 Rad8 16. Rd1 Bd6 17. d5 exd5 18. cxd5 Rfe8 19. Ng4 Bxg4 20. hxg4 Be5 21. Nb3 Bxb2 22. Qxb2 Qe5 23. Qa3 Nxd5 24. Qxa7 Nc3 25. Rxd8 Rxd8 26. Qxb7 Ne2+ 27. Bxe2 Qxe2 28. Qc7 Re8 29. Qa7 Qxg4 30. Qa5 h5 31. Qd2 h4 32. f3 Qg3 33. Qf2 Re1+ 0-1


[Site "https://www.chess.com"]

[Event "Titled Tuesday Blitz January 03 Early 2023"]
[White "Wagner, Dennis"]
[Black "Noshin, Anjum"]
[WhiteFideId "24650684"]
[BlackFideId "10218564"]
[WhiteElo "2595"]
[BlackElo "1946"]
[Result "1-0"]
[Round "05"]
[TimeControl "180+2"]
[Date "2023.01.03"]
[WhiteClock "0:01:25"]
[BlackClock "0:00:03"]

1. d4 d5 2. Nf3 Nf6 3. c4 dxc4 4. e3 e6 5. Bxc4 c5 6. O-O a6 7. Bb3 Nc6 8. Nc3 cxd4 9. exd4 Be7 10. Bg5 O-O 11. Re1 h6 12. Bh4 b5 13. a3 Bb7 14. Qd3 Rc8 15. Rad1 b4 16. Bc2 g6 17. Na4 bxa3 18. bxa3 Na5 19. Rxe6 Nh7 20. Rxg6+ fxg6 21. Qxg6+ Kh8 22. Qxh7# 1-0


[Site "https://www.chess.com"]

[Event "Titled Tuesday Blitz January 03 Early 2023"]
[White "reevecanada"]
[Black "Baskakov, Egor"]
[BlackFideId "24197866"]
[WhiteElo "2477"]
[BlackElo "2215"]
[Result "1/2-1/2"]
[Round "05"]
[TimeControl "180+2"]
[Date "2023.01.03"]
[WhiteClock "0:00:20"]
[BlackClock "0:00:25"]

1. e4 c5 2. Nf3 Nf6 3. Nc3 d5 4. exd5 Nxd5 5. Be2 Nc6 6. O-O e5 7. Re1 f6 8. Bc4 Be6 9. d3 Be7 10. Bd2 O-O 11. Qb1 Qd7 12. a3 Nd4 13. Nxd4 cxd4 14. Nxd5 Bxd5 15. Qa2 Bxc4 16. Qxc4+ Kh8 17. Qb3 Rac8 18. Rac1 Rc6 19. c3 dxc3 20. Rxc3 Rxc3 21. Bxc3 Bc5 22. Qc4 Rc8 23. Qe4 b6 24. h3 Rd8 25. Rd1 a5 26. b4 axb4 27. axb4 Bd4 28. Bxd4 Qxd4 29. Rc1 h6 30. Rc6 Qa1+ 31. Kh2 Qb2 32. Kg1 Qb1+ 33. Kh2 Qxd3 34. Qxd3 Rxd3 35. Rxb6 Rb3 36. h4 h5 37. b5 Kh7 38. Rb8 Kg6 39. b6 f5 40. b7 e4 41. g3 Rb2 42. Kg1 Rb1+ 43. Kg2 Rb2 44. Kg1 Rb1+ 45. Kg2 Rb2 46. Kf1 Kh7 47. Rf8 Rxb7 48. Rxf5 g6 49. Re5 Rb4 50. Ke2 Kg7 51. Ke3 Kf6 52. Rxe4 Rb3+ 53. Kf4 Rb2 54. f3 Rb5 55. Rc4 Rd5 56. Rc6+ Kg7 57. Ke4 Ra5 58. Kf4 Ra4+ 59. Ke3 Ra3+ 60. Kf2 Ra2+ 61. Kg1 Ra3 62. Kg2 Ra2+ 63. Kh3 Ra3 64. f4 Rb3 65. Rc7+ Kf6 66. Kg2 Rb2+ 67. Kf3 Rb3+ 68. Kf2 Rb2+ 69. Kg1 Ra2 70. Rc6+ Kf7 71. Rc5 Kf6 72. Rg5 Ra3 73. Kg2 Ra2+ 74. Kh3 Ra1 75. f5 gxf5 76. Rxh5 Ra3 77. Kg2 Ra2+ 78. Kf3 Ra3+ 79. Kg2 Ra2+ 80. Kh3 Ra3 81. Rg5 f4 82. Rg4 fxg3 83. Rxg3 Rxg3+ 84. Kxg3 Kg6 85. Kg4 Kh6 86. h5 Kh7 87. Kh4 Kh8 88. Kg5 Kh7 89. h6 Kh8 90. Kh5 Kg8 91. Kg6 Kh8 92. Kg5 Kg8 93. Kh5 Kh8 94. Kg6 Kg8 95. h7+ Kh8 96. Kh6 1/2-1/2


[Site "https://www.chess.com"]

[Event "Titled Tuesday Blitz January 03 Early 2023"]
[White "Papp, Levente"]
[Black "Guliev, Logman"]
[WhiteFideId "751243"]
[BlackFideId "13400061"]
[WhiteElo "2353"]
[BlackElo "2250"]
[Result "1-0"]
[Round "05"]
[TimeControl "180+2"]
[Date "2023.01.03"]
[WhiteClock "0:00:10"]
[BlackClock "0:00:01"]

1. c4 Nf6 2. Nc3 g6 3. g3 Bg7 4. Bg2 O-O 5. e4 d6 6. Nge2 e5 7. O-O Nc6 8. d3 Nh5 9. Nd5 Ne7 10. Nxe7+ Qxe7 11. d4 Bd7 12. Be3 exd4 13. Nxd4 Nf6 14. f3 Nh5 15. Qd2 Rae8 16. Rfe1 Qd8 17. Rad1 a6 18. Bh6 Bxh6 19. Qxh6 Qf6 20. Qd2 Qe5 21. Rc1 Qc5 22. Qf2 Ng7 23. a3 a5 24. f4 b6 25. Rb1 a4 26. Rbc1 Qh5 27. Bf3 Bg4 28. Bg2 Ne6 29. Nb5 Re7 30. Nc3 c6 31. Qxb6 Nc5 32. Qxc6 Nd3 33. Qxd6 Nxe1 34. Rxe1 Rd7 35. Qb6 Rd2 36. Qe3 Rxb2 37. Nd5 f6 38. Qc3 Rxg2+ 39. Kxg2 Qh3+ 40. Kg1 Kg7 41. Rb1 Rf7 42. c5 Bc8 43. c6 1-0


[Site "https://www.chess.com"]

[Event "Titled Tuesday Blitz January 03 Early 2023"]
[White "Defend1r"]
[Black "Manukian, Artak"]
[BlackFideId "13301373"]
[WhiteElo "2539"]
[BlackElo "2196"]
[Result "0-1"]
[Round "05"]
[TimeControl "180+2"]
[Date "2023.01.03"]
[WhiteClock "0:01:45"]
[BlackClock "0:00:23"]

1. e4 c6 2. d4 d5 3. e5 Bf5 4. h4 h5 5. Bd3 Bxd3 6. Qxd3 e6 7. Bg5 Qa5+ 8. Nd2 Qa6 9. c4 Bb4 10. Nf3 Nh6 11. Bxh6 Rxh6 12. O-O Nd7 13. a3 Bxd2 14. Nxd2 O-O-O 15. Qc3 Kb8 16. c5 Qe2 17. f3 Rg6 18. Rf2 Qa6 19. a4 f6 20. exf6 gxf6 21. b4 Rdg8 22. Qb3 Rxg2+ 23. Rxg2 Rxg2+ 24. Kxg2 Qe2+ 25. Kg3 Qxd2 26. Rd1 Qh6 27. Re1 e5 28. Qe3 Qg6+ 29. Kf2 Qc2+ 30. Re2 Qxa4 31. dxe5 fxe5 32. Qh6 Qxb4 33. Qh8+ Kc7 34. Qxh5 Qxc5+ 35. Kg2 a5 36. Qf5 Qc4 37. h5 Qxe2+ 38. Kg3 Qe1+ 39. Kg2 Qd2+ 40. Kg3 a4 0-1


[Site "https://www.chess.com"]

[Event "Titled Tuesday Blitz January 03 Early 2023"]
[White "Sreyas Payyappat"]
[Black "Omelja, Artem"]
[WhiteFideId "46674969"]
[BlackFideId "14119846"]
[WhiteElo "2076"]
[BlackElo "2446"]
[Result "0-1"]
[Round "05"]
[TimeControl "180+2"]
[Date "2023.01.03"]
[WhiteClock "0:00:35"]
[BlackClock "0:01:01"]

1. e4 c5 2. Nf3 Nc6 3. d3 e5 4. Nc3 d6 5. Be3 g6 6. Be2 Bg7 7. O-O Nge7 8. Nd5 O-O 9. Nd2 f5 10. f4 Nxd5 11. exd5 Ne7 12. c4 Bd7 13. Rb1 b6 14. Nf3 e4 15. dxe4 fxe4 16. Ng5 Nf5 17. Bf2 Qe7 18. g4 Nd4 19. Be3 h6 20. Nh3 Qh4 21. Nf2 Rae8 22. Kh1 g5 23. f5 Be5 24. Nh3 Qxh3 25. Bg1 h5 26. Rf2 Nxe2 27. Qxe2 Qxg4 28. Qxg4 hxg4 29. Rbf1 Bf4 30. Rg2 Bxf5 31. Bf2 e3 0-1


[Site "https://www.chess.com"]

[Event "Titled Tuesday Blitz January 03 Early 2023"]
[White "Shubenkova, Veronika"]
[Black "Turzo, Attila"]
[WhiteFideId "44124040"]
[BlackFideId "704954"]
[WhiteElo "1960"]
[BlackElo "2279"]
[Result "1-0"]
[Round "05"]
[TimeControl "180+2"]
[Date "2023.01.03"]
[WhiteClock "0:01:20"]
[BlackClock "0:00:02"]

1. e4 c5 2. Nc3 Nc6 3. g3 g6 4. Bg2 Bg7 5. f4 d6 6. Nf3 Bg4 7. O-O Nf6 8. d3 Nd4 9. Be3 Nd7 10. Rb1 O-O 11. Ne2 Nxf3+ 12. Bxf3 Bxf3 13. Rxf3 b5 14. Kg2 Rc8 15. g4 e6 16. Ng3 d5 17. e5 f6 18. exf6 Qxf6 19. Rf2 Qh4 20. Qe2 e5 21. f5 Rce8 22. Rbf1 Nf6 23. h3 Nd7 24. Qf3 e4 25. dxe4 Ne5 26. Qd1 d4 27. Bf4 Rd8 28. Qc1 Qe7 29. Bg5 Bf6 30. Bh6 Rf7 31. g5 Bh8 32. fxg6 hxg6 33. Rxf7 Nxf7 34. Qf4 Be5 35. Qg4 c4 36. h4 d3 37. cxd3 Rxd3 38. Rf3 Rd2+ 39. Kh3 Nxh6 40. gxh6 Kh7 41. h5 Qd7 42. hxg6+ Kxh6 43. Nf5+ 1-0


[Site "https://www.chess.com"]

[Event "Titled Tuesday Blitz January 03 Early 2023"]
[White "Szyszylo, Rafal"]
[Black "Mei, Austin"]
[WhiteFideId "1109626"]
[BlackFideId "30948479"]
[WhiteElo "2091"]
[BlackElo "2218"]
[Result "1/2-1/2"]
[Round "05"]
[TimeControl "180+2"]
[Date "2023.01.03"]
[WhiteClock "0:00:11"]
[BlackClock "0:00:09"]

1. e4 e5 2. Nf3 Nc6 3. Bb5 a6 4. Ba4 Nf6 5. Qe2 d6 6. O-O Bd7 7. c3 g6 8. d4 Bg7 9. Bg5 h6 10. Bh4 g5 11. Bg3 Nh5 12. dxe5 Nxg3 13. fxg3 Nxe5 14. Bb3 Qe7 15. Nd4 O-O-O 16. Nd2 h5 17. Nf5 Bxf5 18. Rxf5 g4 19. Raf1 Rdg8 20. Bxf7 Rf8 21. Bd5 Rxf5 22. exf5 h4 23. Be6+ Kb8 24. Ne4 Bf6 25. gxh4 Bxh4 26. b4 Bf6 27. b5 axb5 28. Qxb5 Bg5 29. Rb1 Be3+ 30. Kf1 Bb6 31. Ng3 Rxh2 32. Rb3 Rh8 33. Ra3 Qg5 34. Qa4 Qc1+ 35. Ke2 Qb2+ 36. Kd1 Qb1+ 37. Kd2 Qb2+ 38. Kd1 Qb1+ 39. Kd2 1/2-1/2


[Site "https://www.chess.com"]